Map: Para Site LE

Players

Ravenoz - Winner!

  • Race: Zerg Zerg
  • League: Diamond
  • Spawn Location: 5:00

xantoR

  • Race: Protoss Protoss
  • League: Master
  • Spawn Location: 11:00

VOD

Have the link to the VOD?

Description

Defending cannon rush into proxy robo + shield batteries into BM

Time

  • Played on: Sept. 15, 2018, 1:11 p.m.
  • Length: 6:08
Show
View Real Time Build Order
Export as new Build Order

Ravenoz Zerg - Winner!

Build Orders: Hatch First 

Get SALT Encoding   

  12  0:01  Drone  
  13  0:15  Overlord  
  13  0:21  Drone  
  14  0:35  Drone x2  
  16  0:53  Hatchery  
  15  1:03  Drone  
  16  1:13  Extractor  
  15  1:20  Spawning Pool  
  14  1:37  Drone x3  
  17  2:04  Hatchery  
  17  2:08  Zergling x4  
  18  2:09  Roach Warren  
  17  2:16  Queen  
  19  2:25  Spine Crawler  
  18  2:35  Drone x3  
  21  2:48  Overlord  
  21  3:17  Roach x2  
  25  3:22  Zergling x2  
  26  3:31  Zergling x2  
  26  3:32  Metabolic Boost  
  27  3:41  Roach  
  29  3:45  Roach x3  
  35  3:56  Zergling x2  
  35  3:58  Overlord x2  
  36  4:21  Roach x3  
  41  4:25  Zergling x6  
  44  4:32  Zergling x2  
  44  4:44  Roach  
  39  4:56  Roach x2  
  39  4:57  Roach  
  36  5:06  Zergling x4  
  30  5:42  Roach  
  38  5:43  Roach x5  
Show
View Real Time Build Order
Export as new Build Order

xantoR Protoss 

Build Orders:  

Get SALT Encoding   

  12  0:01  Probe  
  13  0:13  Probe  
  14  0:17  Pylon  
  14  0:24  Probe  
  15  0:32  Probe  
  15  0:39  Forge  
  15  0:40  Probe  
  17  0:54  Pylon  
  17  0:56  Probe  
  18  1:08  Probe  
  19  1:13  Photon Cannon  
  19  1:19  Gateway  
  19  1:22  Probe  
  19  1:25  Pylon  
  20  1:35  Pylon  
  20  1:47  Probe  
  20  1:49  Assimilator  
  20  1:51  Assimilator  
  20  1:54  Photon Cannon  
  21  1:59  Probe  
  22  2:06  Cybernetics Core  
  22  2:07  Probe  
  22  2:12  Zealot  
  25  2:47  Zealot, Robotics Facility  
  27  2:55  Warp Gate  
  27  2:56  Shield Battery  
  27  3:03  Shield Battery  
  27  3:14  Zealot  
  27  3:15  Shield Battery  
  27  3:18  Pylon  
  29  3:27  Shield Battery  
  29  3:32  Immortal  
  33  3:42  Stalker  
  35  3:58  Shield Battery  
  35  4:04  Immortal  
  9  5:27  Nexus  
Tags
 
Matchup
PvZ
Spawn Locations
Cross Positions
Strategy
Cheese
Add a new tag
Caveats
  • Supply blocks, unpowered buildings, or Contaminate may cause inaccurate times.
  • Supply counts are checked every 10 seconds.